 Dungeon Crawl Stone Soup version 0.28-a0-1447-ga5a8893891 (webtiles) character file.

Game seed: 4509322899507978316

469 oldriver the Skirmisher (level 7, -2/56 HPs)
             Began as a Formicid Chaos Knight on Jan 11, 2022.
             Was a Plaything of Xom.
             Slain by a wyvern zombie (9 damage)
             ... on level 8 of the Dungeon.
             The game lasted 00:05:52 (4404 turns).

oldriver the Skirmisher (Formicid Chaos Knight)     Turns: 4404, Time: 00:05:53

Health: -2/56      AC:  7    Str: 18    XL:     7   Next: 30%
Magic:  7/7        EV: 12    Int: 12    God:    Xom [....*.]
Gold:   82         SH:  0    Dex: 10    Spells: 6/6 levels left

rFire   . . .      SeeInvis +   a - +0 hand axe (chaos)
rCold   . . .      Faith    .   (no shield)
rNeg    . . .      Spirit   .   b - +2 leather armour
rPois   .          Reflect  .   (helmet unavailable)
rElec   .          Harm     .   m - +0 cloak
rCorr   .          Rampage  .   (no gloves)
Will    .....                   r - +0 pair of boots
Stlth   +.........              (no amulet)
HPRegen 0.18/turn               (no ring)
MPRegen 0.10/turn               (no ring)

@: no status effects
A: permanent stasis, dig shafts and tunnels, antennae 3, four strong arms
a: Dig, Shaft Self, Renounce Religion


You were on level 8 of the Dungeon.
You worshipped Xom.
You were a beloved toy of Xom.
You visited 1 branch of the dungeon, and saw 6 of its levels.

You collected 82 gold pieces.

Inventory:

Hand Weapons
 a - a +0 hand axe of chaos (weapon)
 i - a +2 whip of freezing
 p - a +0 battleaxe
Missiles
 h - 2 atropa-tipped darts
Armour
 b - a +2 leather armour (worn)
 m - a +0 cloak (worn)
 n - an orb of light
 r - a +0 pair of boots (worn)
Jewellery
 v - a ring of ice
Scrolls
 c - a scroll of amnesia {unknown}
 d - a scroll of identify {unknown}
 e - 2 scrolls of blinking {unknown}
 f - 2 scrolls of teleportation {unknown}
 k - a scroll of enchant armour {unknown}
 o - a scroll of vulnerability {unknown}
 q - 3 scrolls of fog {unknown}
 s - a scroll of immolation {unknown}
Potions
 j - a potion of curing {unknown}
 l - a potion of haste {unknown}
 t - a potion of cancellation {unknown}
 u - a potion of might {unknown}


   Skills:
 + Level 5.6 Fighting
 + Level 5.1 Axes
 - Level 2.2 Armour
 + Level 3.7 Dodging


You had 6 spell levels left.
You didn't know any spells.
Your spell library contained the following spells:

 Spells                   Type           Power      Damage    Failure   Level
 Foxfire                  Conj/Fire      0%         2x1d4     36%         1
 Conjure Flame            Conj/Fire      0%         6-21      75%         3
 Inner Flame              Hex/Fire       0%         N/A       75%         3
 Flame Wave               Conj/Fire      0%         2d4       98%         4


Dungeon Overview and Level Annotations

Branches:
Dungeon (5/15)
 Temple: D:4-7

Altars:
Okawaru
Yredelemnul

Shops:
D:2 =

Annotations:
D:4 2 runed translucent doors, SirDiesAlot's ghost, novice DjFE


Innate Abilities, Weirdness & Mutations

You cannot be hasted, slowed, berserked, paralysed or teleported.
You can dig through walls and to a lower floor.
You have a pair of large antennae on your head. (SInv)
Your four strong arms can wield two-handed weapons with a shield.


Message History

* * * LOW HITPOINT WARNING * * *
You swap places.
You swap places.
You swap places.
The ogre closely misses your butterfly.
Are you sure you want to shaft yourself?
You begin to dig a shaft.
You continue digging a shaft.
The ogre hits you with a +0 giant club.
* * * LOW HITPOINT WARNING * * *
A shaft appears beneath you!
You fall into a shaft and drop 3 floors!
The shaft crumbles and collapses.
An orc wizard and an orc come into view.
The orc shouts!
You hear a shout!
You hit the wyvern zombie.
The wyvern zombie is lightly damaged.
The wyvern zombie barely misses you.
You hit the wyvern zombie.
Lightning courses through the wyvern zombie!
The wyvern zombie is moderately damaged.
The wyvern zombie barely misses you.
An orc wizard comes into view. It is wielding a +0 dagger.
You slash the wyvern zombie!
The wyvern zombie suddenly seems more agile.
The wyvern zombie is heavily damaged.
The wyvern zombie bites you but does no damage.
The wyvern zombie misses you.
You barely miss the wyvern zombie.
The wyvern zombie is heavily damaged.
The wyvern zombie bites you.
* * * LOW HITPOINT WARNING * * *
You closely miss the wyvern zombie.
The wyvern zombie is heavily damaged.
The wyvern zombie barely misses you.
You hit the wyvern zombie but do no damage.
The wyvern zombie seems to speed up.
The wyvern zombie is heavily damaged.
The wyvern zombie bites you!
You die...
Xom thinks this is hilarious!

. o # .. .#
..{ ..# #o
....
#..#####..#
#..o.....#
#....@...#
#.....Z#..#
#..##..##.#
... #..#
..# #. ##.#
... # #.#
### #.# #.#


You could see an orc wizard, an orc and a wyvern zombie (fast, agile).

Vanquished Creatures
  A phantom (D:4)
  A jelly (D:3)
  2 orc priests (D:3)
  A hound (D:3)
  An orc wizard (D:3)
  A gnoll (D:1)
  4 adders
  An adder skeleton (D:4)
  A worm (D:4)
  7 dart slugs
  4 orcs
  3 bats
  5 endoplasms
  2 giant cockroaches (D:1)
  7 goblins
  3 hobgoblins
  7 jackals
  5 quokkas
  9 ball pythons
  3 frilled lizards
  A jackal zombie (D:4)
  7 kobolds
  5 rats
81 creatures vanquished.

Vanquished Creatures (collateral kills)
  An ice beast (D:4)
  An orc priest (D:3)
  An orc (D:3)
3 creatures vanquished.

Grand Total: 84 creatures vanquished

Notes
Turn   | Place    | Note
-------+----------+-------------------------------------------
     0 | D:1      | oldriver the Formicid Chaos Knight began the quest for the
                  | Orb.
     0 | D:1      | Reached XP level 1. HP: 18/18 MP: 1/1
   111 | D:1      | Reached skill level 1 in Dodging
   144 | D:1      | XOM: butterfly on damage
   280 | D:1      | Reached XP level 2. HP: 17/24 MP: 2/2
   386 | D:1      | Reached XP level 3. HP: 9/30 MP: 3/3
   475 | D:1      | XOM: silly message
   608 | D:1      | XOM: divination: detect creatures
  1135 | D:2      | XOM: potion effect (heal wounds)
  1137 | D:2      | Reached XP level 4. HP: 35/37 MP: 4/4
  1257 | D:2      | You fall into a shaft and drop 2 floors!
  1264 | D:4      | XOM: silly message
  1277 | D:3      | XOM: god gift: robe {god gift}
  1380 | D:3      | Reached XP level 5. HP: 43/43 MP: 5/5
  1477 | D:3      | Reached XP level 6. HP: 33/49 MP: 6/6
  1802 | D:2      | Found Selunygh's Jewellery Shop.
  1996 | D:2      | Identified the +2 pair of boots of a Thousand Curses {Harm
                  | rElec Slay+3}
  2339 | D:3      | XOM: summons friendly shadow imp
  2362 | D:3      | Reached skill level 5 in Fighting
  2448 | D:3      | XOM: polymorph shadow imp -> crimson imp
  2727 | D:3      | Found a faded altar of an unknown god.
  3063 | D:3      | Identified the +2 robe of the Albatross {Will- Dex+5}
  3311 | D:4      | XOM: smoke on damage
  3340 | D:4      | XOM: silly message
  3391 | D:4      | Found a runed translucent door.
  3391 | D:4      | Noticed a human
  3447 | D:4      | Noticed an ice beast
  3453 | D:4      | XOM: summons 6 friendly demons
  3459 | D:4      | Killed an ice beast
  3460 | D:4      | Reached skill level 5 in Axes
  3460 | D:4      | Reached XP level 7. HP: 46/56 MP: 7/7
  3526 | D:4      | Found a basalt altar of Yredelemnul.
  3654 | D:4      | Found a runed translucent door.
  3660 | D:4      | Noticed SirDiesAlot's ghost (novice DjFE)
  3750 | D:3      | Found an iron altar of Okawaru.
  3756 | D:5      | Entered Level 5 of the Dungeon
  3768 | D:5      | Noticed a shapeshifter
  3768 | D:5      | an orc changed into a shapeshifter
  3768 | D:5      | Noticed a yak
  3768 | D:5      | a shapeshifter changed into a yak
  3771 | D:5      | XOM: smoke on damage
  3777 | D:5      | Noticed a meliai
  3777 | D:5      | a yak changed into a meliai
  3781 | D:5      | XOM: enchant monster (good)
  4387 | D:5      | XOM: butterfly on damage
  4397 | D:5      | You fall into a shaft and drop 3 floors!
  4404 | D:8      | Slain by a wyvern zombie

Illustrated notes

Levels and vault maps discovered:
D:1:      sevenhm_arrival_forest_fort_small_5, layout_basic
D:2:      layout_basic, serial_glass, glass_columns_c, glass_columns_a,
          glass_columns_b, glass_columns_a, serial_shops,
          nicolae_shop_window_shopping
D:3:      layout_loops_corners, nicolae_overflow_ecumenical_swirl
D:4:      layout_loops_ring, dk_yredelemnul_ordeal,
          ebering_ghost_reflecting_pool, minivault_1, serial_bayou_pond_e,
          grunt_ministairs_7, minivault_26, hangedman_decor_push
D:5:      layout_basic, mainiacjoe_overflow_alcove_4
D:8:      layout_layer_cave, serial_ice, serial_ice_h, serial_ice_c,
          serial_ice_m, serial_ice_o, serial_ice_l, kennysheep_pointless_box,
          minivault_11, hangedman_decor_lopped

Skill      XL: |  1  2  3  4  5  6 |
---------------+-------------------+-----
Dodging        | 1 2 3 |  3.7
Fighting       | 4 5 |  5.6
Axes           | 4 5 |  5.1
Armour         | |  2.2

Action                   |  1- 3 |  4- 6 |  7- 9 || total
-------------------------+-------+-------+-------++-------
Melee: Hand axe          |    69 |   142 |    54 ||   265
       Punch             |       |     3 |       ||     3
 Abil: Shaft Self        |       |       |     1 ||     1
Armor: Leather armour    |    22 |    50 |    14 ||    86
Dodge: Dodged            |    40 |    85 |    33 ||   158

Table legend: (Time is in decaauts)
 A = Elapsed time spent in this place.
 B = Non-inter-level travel time spent in this place.
 C = Inter-level travel time spent in this place.
 D = Time resting spent in this place.
 E = Time spent auto-exploring this place.
 F = Levels seen in this place.
 G = Mean time per level.
                   A        B        C        D        E       F      G
               +--------+--------+--------+--------+--------+-----+--------+
         Total |   4431 |   4204 |    227 |     88 |   3216 |   6 |  738.5 |
       Dungeon |   4431 |   4204 |    227 |     88 |   3216 |   6 |  738.5 |
               +--------+--------+--------+--------+--------+-----+--------+

Top non-repeatable levels by time:
     D:3: 1416 daAuts
     D:4: 1077 daAuts
     D:1: 1020 daAuts
     D:2: 861 daAuts
     D:5: 49 daAuts
     D:8: 6 daAuts
